Description

dante do this

Replay - TvZ-Dicehammer vs Rainhellfire(Standard Bio)

Build Order

Get SALT Encoding   

  12  0:01  SCV  
  13  0:13  SCV  
  14  0:17  Supply Depot  
  14  0:25  SCV  
  15  0:39  SCV  
  15  0:40  Barracks  
  16  0:43  Refinery  
  16  0:51  SCV  
  17  1:03  SCV  
  18  1:15  SCV  
  19  1:27  Reaper, Orbital Command  
  20  1:42  Command Center  
  20  1:49  Supply Depot  
  20  1:57  SCV  
  20  1:59  Marine  
  22  2:09  SCV  
  22  2:11  Factory  
  23  2:21  Refinery, SCV  
  23  2:25  Barracks Reactor  
  25  2:54  Orbital Command  
  26  2:58  Starport  
  26  3:05  Hellion x2  
  30  3:10  Barracks Tech Lab  
  31  3:13  Supply Depot  
  33  3:27  Hellion x2  
  38  3:37  Barracks Tech Lab  
  39  3:41  Supply Depot  
  41  3:50  Viking  
  43  4:00  Stimpack, Marine  
  46  4:08  Liberator  
  48  4:19  Command Center  
  53  4:31  Supply Depot  
  54  4:39  Barracks x2  
  54  4:43  Factory Reactor  
  55  4:49  Marine  
  57  4:54  Engineering Bay x2  
  58  5:05  Refinery x2  
  59  5:10  Marine  
  62  5:22  Terran Infantry Weapons Level 1, Terran Infantry Armor Level 1, Starport Reactor  
  64  5:28  Marine  
  64  5:31  Orbital Command  
  65  5:37  Marine x4  
  65  5:38  Siege Tank  
  76  5:50  Marine  
  79  6:00  Orbital Command  
  79  6:05  Armory  
  81  6:11  Siege Tank  
  81  6:12  Medivac x2  
  92  6:25  Barracks x2  
  106  7:08  Combat Shield  
  111  7:17  Barracks Reactor x2  
  111  7:18  Medivac  
  111  7:20  Refinery x2  
  118  7:26  Bunker  
  118  7:27  Terran Infantry Weapons Level 2, Terran Infantry Armor Level 2  
  118  7:29  Factory  
  123  7:43  Siege Tank  
  125  7:53  Medivac x2  
  133  8:10  Command Center  
  120  8:18  Siege Tank  
  122  8:26  Medivac x2  
  131  8:28  Factory Tech Lab  
  132  8:37  Terran Vehicle Weapons Level 1  
  137  8:51  Siege Tank x2  
  144  9:02  Marauder  
  157  9:10  Medivac x2  
  157  9:14  Orbital Command x3  
  163  9:23  Marauder  
  163  9:24  Planetary Fortress  
  170  9:28  Refinery x2  
  171  9:48  Siege Tank x2  
Spawning Tool Build Advisor. Get it on Overwolf

Analysis

^^

Go to:

Details

  • Created by: WangGang
  • Published on: Sep 22, 2019
  • Modified on: Sep 22, 2019
  • Patch: 4.7.1
Show
View Real Time Build Order
Export as new Build Order

Comments (0)

There are no comments. Be the first!

Create an account to comment!